 Dungeon Crawl Stone Soup version 0.24.0-123-gd5b16e6ec5 (webtiles) character file.

Game seed: 14106784163056811095, levelgen mode: deterministic

34146 Seryem5 the Thaumaturge (level 13, -1/99 HPs)
             Began as a Gnoll Wizard on Jan 21, 2020.
             Was a Priest of Ashenzari.
             Splashed by an oklob plant's acid (13 damage)
             ... on level 5 of the Lair of Beasts.
             The game lasted 01:14:30 (18808 turns).

Seryem5 the Thaumaturge (Gnoll Wizard)             Turns: 18808, Time: 01:14:30

Health: -1/99      AC:  8    Str: 11    XL:     13   Next: 75%
Magic:  6/27       EV: 14    Int: 24    God:    Ashenzari [***...]
Gold:   316        SH: 10    Dex: 14    Spells: 8/33 levels left

rFire    . . .     SeeInvis +   C - +4 whip "Furo Koa" {venom, SInv}
rCold    . . .     Gourm    .   E - +0 shield
rNeg     . . .     Faith    .   P - +4 ring mail "Luameen" {*Drain +Inv rElec}
rPois    +         Spirit   .   X - +0 helmet
rElec    +         Reflect  .   (no cloak)
rCorr    .         Harm     .   (no gloves)
MR       .....                  i - +2 pair of boots {Stlth+}
Stlth    +++++.....             t - amulet of the acrobat
HPRegen  0.26/turn              R - +5 ring of protection (curse)
MPRegen  0.20/turn              U - ring of poison resistance (curse)

@: corroded, very slightly contaminated
A: distributed training, fangs 1, strong nose
a: Curse Item, Scrying, Renounce Religion, Evoke Invisibility


You were on level 5 of the Lair of Beasts.
You worshipped Ashenzari.
Ashenzari was most pleased with you.
You were hungry.

You visited 2 branches of the dungeon, and saw 15 of its levels.

You collected 921 gold pieces.
You spent 605 gold pieces at shops.

Inventory:

Hand Weapons
 m - a +0 hunting sling
 C - the +4 whip "Furo Koa" (weapon) {venom, SInv}
   (You found it on level 4 of the Dungeon)

   It poisons the flesh of those it strikes.
   It lets you see invisible.
 Q - the +7 glaive of Joppuacy {flame, Dex+8}
   (You found it on level 9 of the Dungeon)

   It has been specially enchanted to burn those struck by it, causing extra
   injury to most foes and up to half again as much damage against particularly
   susceptible opponents.
   Big, fiery blades are also staple armaments of hydra-hunters.
   It affects your dexterity (+8).
Missiles
 n - 484 stones (quivered)
Armour
 i - a +2 pair of boots of stealth (worn)
 E - a +0 shield (worn)
 P - the +4 ring mail "Luameen" (worn) {*Drain +Inv rElec}
   (You found it on level 9 of the Dungeon)

   It insulates you from electricity.
   It lets you turn invisible.
   It causes draining when unequipped.
 X - a +0 helmet (worn)
Jewellery
 t - an amulet of the acrobat (around neck)
 w - an uncursed ring of protection from magic
 I - a +2 ring of protection
 R - a cursed +5 ring of protection (left hand)
 U - a cursed ring of poison resistance (right hand)
Wands
 a - a wand of random effects (33)
 b - a wand of enslavement (9)
 h - a wand of clouds (2)
 j - a wand of iceblast (8)
 q - a wand of digging (6)
 s - a wand of disintegration (14)
 D - a wand of acid (10)
 M - a wand of polymorph (27)
 N - a wand of flame (38)
Scrolls
 e - 13 scrolls of identify
 l - 4 scrolls of enchant weapon
 o - 2 scrolls of remove curse
 p - 2 scrolls of fear
 u - 3 scrolls of noise
 y - 3 scrolls of teleportation
 F - 2 scrolls of enchant armour
 G - 3 scrolls of magic mapping
 K - 3 scrolls of blinking
 S - a scroll of summoning {unknown}
Potions
 f - 8 potions of curing
 g - 2 potions of mutation {unknown}
 k - 2 potions of ambrosia
 v - 2 potions of haste
 z - 2 potions of magic {unknown}
 A - a potion of heal wounds
 B - 3 potions of flight
 H - 2 potions of cancellation {unknown}
 J - 3 potions of invisibility {unknown}
 O - a potion of might {unknown}
 T - a potion of degeneration {unknown}
 V - 2 potions of resistance {unknown}
Miscellaneous
 r - a crystal ball of energy
 L - a lightning rod (4/4)
Comestibles
 d - 26 rations


   Skills:
 + Level 8.4 Fighting
 + Level 8.4 Short Blades
 + Level 8.4 Long Blades
 + Level 8.4 Axes
 + Level 8.4 Maces & Flails
 + Level 8.4 Polearms
 + Level 8.4 Staves
 + Level 8.4 Slings
 + Level 8.4 Bows
 + Level 8.4 Crossbows
 + Level 8.4 Throwing
 + Level 8.4 Armour
 + Level 9.6 Dodging
 + Level 9.4 Stealth
 + Level 8.4 Shields
 + Level 8.4 Unarmed Combat
 + Level 10.9 Spellcasting
 + Level 7.4(9.3) Conjurations
 + Level 7.0(9.0) Hexes
 + Level 7.0(9.0) Charms
 + Level 7.4(9.3) Summonings
 + Level 7.0(9.0) Necromancy
 + Level 7.4(9.3) Translocations
 + Level 7.0(9.0) Transmutations
 + Level 7.0(9.0) Fire Magic
 + Level 7.0(9.0) Ice Magic
 + Level 7.0(9.0) Air Magic
 + Level 7.0(9.0) Earth Magic
 + Level 7.0(9.0) Poison Magic
 + Level 9.2 Invocations
 + Level 8.4(10.3) Evocations


You had 8 spell levels left.
You knew the following spells:

 Your Spells              Type           Power        Failure   Level  Hunger
a - Magic Dart            Conj           ####         1%          1    None
b - Fireball              Conj/Fire      ######....   14%         5    ####...
c - Lee's Rapid Deconstr  Erth           ######....   16%         5    ####...
d - Sticky Flame          Conj/Fire      ######..     5%          4    None
e - Conjure Flame         Conj/Fire      ######..     1%          3    None
f - Mephitic Cloud        Conj/Pois/Air  ######..     1%          3    None
g - Call Imp              Summ           ######..     1%          2    None
i - Blink                 Tloc           N/A          1%          2    None

Your spell library contained the following spells:

 Spells                   Type           Power        Failure   Level  Hunger
 Beastly Appendage        Tmut           ######       1%          1    None
 Confusing Touch          Hex            ######       1%          1    None
 Flame Tongue             Conj/Fire      #####        1%          1    None
 Sandblast                Erth           ######       1%          1    None
 Passwall                 Tmut/Erth      ######..     1%          2    None
 Slow                     Hex            ######..     1%          2    None
 Throw Flame              Conj/Fire      ######       1%          2    None
 Confuse                  Hex            ######..     1%          3    None
 Gell's Gravitas          Tloc           ######....   1%          3    None
 Ignite Poison            Fire/Tmut/Pois ######..     1%          3    None
 Inner Flame              Hex/Fire       ######..     1%          3    None
 Stone Arrow              Conj/Erth      ######       1%          3    None
 Petrify                  Tmut/Erth      ######..     5%          4    None
 Iskenderun's Battlesphe  Conj/Chrm      ######..     14%         5    ####...
 Venom Bolt               Conj/Pois      ######....   14%         5    ####...
 Bolt of Magma            Conj/Fire/Erth ######....   16%         5    ####...
 Metabolic Englaciation   Hex/Ice        ######....   16%         5    ####...
 Yara's Violent Unravell  Hex/Tmut       ######....   16%         5    ####...
 Iron Shot                Conj/Erth      ######....   63%         6    #####..
 Orb of Destruction       Conj           ######....   99%         7    #######
 Spellforged Servitor     Conj/Summ      ######....   99%         7    #######


Dungeon Overview and Level Annotations

Branches:
Dungeon (10/15)            Temple (0/1) D:7            Lair (5/6) D:10
 Shoals (0/4) Lair:2        Snake (0/4) Lair:2
  Slime: Lair:5-6       Orc: D:9-12

Altars:
Ashenzari
Elyvilon
Kikubaaqudgha
Qazlal
Ru
Sif Muna
Vehumet
Xom
The Shining One

Shops:
D:7 :   D:8 *   D:9 [

Annotations:
D:3 Grinder
Lair:5 exclusion: oklob plant


Innate Abilities, Weirdness & Mutations

Your experience applies equally to all skills.
You have very sharp teeth.
Your uncanny sense of smell can sniff out nearby items.


Message History

The splash of acid hits you.
You are splashed with acid!
* * * LOW HITPOINT WARNING * * *
Casting: Magic Dart (safe; 1% risk of failure)
Confirm with . or Enter, or press ? or * to list all spells.
Aiming: Magic Dart (safe; 1% risk of failure)
Press: ? - help, Shift-Dir - straight line, f/p - oklob plant
Aim: an oklob plant (moderately damaged)
The magic dart hits the oklob plant.
The oklob plant is moderately damaged.
The oklob plant spits acid at you. The splash of acid hits you!
* * * LOW HITPOINT WARNING * * *
The acid corrodes you!
You are splashed with acid!
* * * LOW HITPOINT WARNING * * *
You feel much better. The oklob plant spits acid at you.
The splash of acid hits you!
* * * LOW HITPOINT WARNING * * *
You are splashed with acid!
You die...

........##
##.....................#
##................!....##
#.............P..........
...............PP........
*
#.............###.......#
P.............##.......##
*#...........P#####.#+#+.#
#.......@...|...##...♣.##
#............P##.###....#
#......#.#...P#.)#.......
#...##.###.....#.........
##. ## ###..#..........
#** #.###...#....##
##.....##..♣.#.
#.....##.#...##
##.#...###.....#


You could see an oklob plant.

Vanquished Creatures
  2 hydras
  Erica (Lair:1)
  A catoblepas (Lair:2)
  2 two-headed ogres
  6 death yaks (Lair:3)
  A fire crab (Lair:4)
  A deep troll (D:9)
  8 elephants
  Joseph (D:7)
  3 black mambas
  5 spiny frogs
  2 rime drakes (Lair:3)
  5 komodo dragons
  A polar bear (Lair:2)
  A troll (D:9)
  17 blink frogs
  7 dream sheep (Lair:5)
  A snapping turtle (Lair:2)
  5 hippogriffs
  Sigmund (D:5)
  19 yaks
  5 wyverns
  A hungry ghost (D:7)
  A steam dragon (D:10)
  A human (D:6)
  Menkaure (D:6)
  3 basilisks
  An acid dragon (D:9)
  9 water moccasins
  6 porcupines
  3 orc warriors
  An ice beast (D:6)
  3 sky beasts
  3 black bears
  5 ogres
  6 wolves (Lair:3)
  5 centaurs
  10 crocodiles
  3 big kobolds
  13 bullfrogs
  A wyvern skeleton (D:7)
  4 scorpions
  6 wights
  6 howler monkeys
  2 vampire bats (Lair:1)
  An electric eel (Lair:2)
  3 crimson imps
  3 bullfrog zombies
  A quasit (D:6)
  4 jellies
  A centaur zombie (D:6)
  5 orc priests
  A centaur skeleton (D:9)
  3 hounds
  Terence (D:3)
  4 iguanas
  7 orc wizards
  7 worker ants
  3 hound zombies
  A hound skeleton (D:6)
  A worker ant zombie (D:7)
  7 adders
  A howler monkey skeleton (D:4)
  3 oozes
  An adder zombie (D:5)
  4 worms
  2 dart slugs
  8 leopard geckos
  21 orcs
  3 giant cockroaches
  4 goblins
  14 hobgoblins
  10 jackals
  3 quokkas
  2 ball pythons
  14 bats
  6 frilled lizards
  17 kobolds
  9 rats
364 creatures vanquished.

Vanquished Creatures (collateral kills)
  A human (D:6)
  2 water moccasins (Lair:3)
  An orc warrior (D:6)
  An ogre (D:6)
  Blork the orc (D:4)
  A scorpion (D:3)
  A howler monkey (D:6)
  A crimson imp (D:7)
  An orc priest (D:6)
  An orc wizard (D:5)
  Jessica (D:2)
  An adder (Lair:2)
  5 orcs
  A jackal (D:9)
19 creatures vanquished.

Vanquished Creatures (others)
  5 fungi
  8 plants
13 creatures vanquished.

Grand Total: 396 creatures vanquished

Notes
Turn   | Place    | Note
-------+----------+-------------------------------------------
     0 | D:1      | Seryem5 the Gnoll Wizard began the quest for the Orb.
     0 | D:1      | Reached XP level 1. HP: 13/13 MP: 8/8
   232 | D:1      | Reached XP level 2. HP: 19/19 MP: 5/10
   483 | D:1      | Learned a level 2 spell: Call Imp
   489 | D:1      | Learned a level 2 spell: Blink
   584 | D:1      | Reached XP level 3. HP: 25/25 MP: 8/11
   857 | D:2      | Learned a level 3 spell: Conjure Flame
   861 | D:2      | Learned a level 3 spell: Mephitic Cloud
   905 | D:2      | Noticed Jessica
   914 | D:2      | Killed Jessica
   914 | D:2      | Reached skill level 1 in Invocations
   993 | D:2      | Reached skill level 1 in Fighting
   993 | D:2      | Reached skill level 1 in Short Blades
   993 | D:2      | Reached skill level 1 in Long Blades
   993 | D:2      | Reached skill level 1 in Axes
   993 | D:2      | Reached skill level 1 in Maces & Flails
   993 | D:2      | Reached skill level 1 in Polearms
   993 | D:2      | Reached skill level 1 in Staves
   993 | D:2      | Reached skill level 1 in Slings
   993 | D:2      | Reached skill level 1 in Bows
   993 | D:2      | Reached skill level 1 in Crossbows
   993 | D:2      | Reached skill level 1 in Throwing
   993 | D:2      | Reached skill level 1 in Armour
   993 | D:2      | Reached skill level 1 in Shields
   993 | D:2      | Reached skill level 1 in Unarmed Combat
   993 | D:2      | Reached skill level 1 in Evocations
  1076 | D:2      | Reached XP level 4. HP: 27/32 MP: 7/13
  1295 | D:2      | Found an ancient bone altar of Kikubaaqudgha.
  1494 | D:2      | Reached skill level 1 in Hexes
  1494 | D:2      | Reached skill level 1 in Charms
  1494 | D:2      | Reached skill level 1 in Necromancy
  1494 | D:2      | Reached skill level 1 in Transmutations
  1494 | D:2      | Reached skill level 1 in Fire Magic
  1494 | D:2      | Reached skill level 1 in Ice Magic
  1494 | D:2      | Reached skill level 1 in Air Magic
  1494 | D:2      | Reached skill level 1 in Earth Magic
  1494 | D:2      | Reached skill level 1 in Poison Magic
  1722 | D:3      | Reached XP level 5. HP: 37/37 MP: 1/14
  1913 | D:3      | Noticed Terence
  1919 | D:3      | Killed Terence
  2192 | D:3      | Noticed Grinder
  2226 | D:4      | Reached XP level 6. HP: 44/44 MP: 2/16
  2490 | D:4      | Noticed an orc warrior
  2776 | D:4      | Reached skill level 5 in Dodging
  3021 | D:4      | Got a polished whip
  3021 | D:4      | Identified the +4 whip "Furo Koa" {venom, SInv} (You found
                  | it on level 4 of the Dungeon)
  3028 | D:4      | Found a shattered altar of Ashenzari.
  3037 | D:4      | Became a worshipper of Ashenzari the Shackled
  3073 | D:4      | Noticed Blork the orc
  3090 | D:4      | Killed Blork the orc
  3159 | D:5      | Entered Level 5 of the Dungeon
  3222 | D:5      | Reached XP level 7. HP: 50/50 MP: 12/18
  3670 | D:5      | Reached skill level 5 in Stealth
  4341 | D:5      | Identified the Compendium of the Mutagenic Blaze
  4453 | D:5      | Reached XP level 8. HP: 45/57 MP: 16/19
  4504 | D:5      | Found a white marble altar of Elyvilon.
  4517 | D:5      | Reached * piety under Ashenzari
  4539 | D:5      | Noticed Sigmund
  4548 | D:5      | Killed Sigmund
  4916 | D:6      | Noticed Menkaure
  5149 | D:6      | Reached skill level 8 in Spellcasting
  5240 | D:6      | Killed Menkaure
  5273 | D:6      | Reached XP level 9. HP: 56/65 MP: 8/21
  5844 | D:7      | Found a glowing golden altar of the Shining One.
  5871 | D:7      | Found Fetapp's Book Shop.
  6017 | D:7      | Found a sand-covered staircase.
  6121 | D:7      | Noticed Joseph
  6127 | D:7      | Found a radiant altar of Vehumet.
  6132 | D:7      | Killed Joseph
  6137 | D:7      | Found a stormy altar of Qazlal.
  6153 | D:7      | Found a shimmering blue altar of Sif Muna.
  6229 | D:7      | Reached skill level 5 in Invocations
  6556 | D:7      | Found an ancient bone altar of Kikubaaqudgha.
  6581 | D:7      | Found a staircase to the Ecumenical Temple.
  6738 | D:7      | Reached XP level 10. HP: 67/73 MP: 12/22
  6748 | D:7      | Learned a level 3 spell: Ignite Poison
  7065 | D:8      | Reached skill level 5 in Fighting
  7065 | D:8      | Reached skill level 5 in Short Blades
  7065 | D:8      | Reached skill level 5 in Long Blades
  7065 | D:8      | Reached skill level 5 in Axes
  7065 | D:8      | Reached skill level 5 in Maces & Flails
  7065 | D:8      | Reached skill level 5 in Polearms
  7065 | D:8      | Reached skill level 5 in Staves
  7065 | D:8      | Reached skill level 5 in Slings
  7065 | D:8      | Reached skill level 5 in Bows
  7065 | D:8      | Reached skill level 5 in Crossbows
  7065 | D:8      | Reached skill level 5 in Throwing
  7065 | D:8      | Reached skill level 5 in Armour
  7065 | D:8      | Reached skill level 5 in Shields
  7065 | D:8      | Reached skill level 5 in Unarmed Combat
  7065 | D:8      | Reached skill level 5 in Evocations
  7130 | D:8      | Noticed a two-headed ogre
  7137 | D:8      | Killed a two-headed ogre
  7332 | D:8      | Reached skill level 9 in Spellcasting
  7727 | D:8      | Found Suampehobe's General Store.
  7731 | D:8      | Reached skill level 5 in Conjurations
  7731 | D:8      | Reached skill level 5 in Summonings
  7731 | D:8      | Reached skill level 5 in Translocations
  8835 | D:9      | Noticed a two-headed ogre
  8841 | D:9      | Killed a two-headed ogre
  8841 | D:9      | Reached XP level 11. HP: 46/81 MP: 17/24
  9057 | D:9      | Found Vodghic's Antique Armour Boutique.
  9251 | D:9      | Reached ** piety under Ashenzari
  9506 | D:9      | Noticed an ogre mage
  9508 | D:9      | Noticed a deep troll
  9536 | D:9      | Killed a deep troll
  9706 | D:9      | Got the uncursed ring mail "Luameen" {*Drain +Inv rElec}
  9716 | D:9      | Identified the +4 ring mail "Luameen" {*Drain +Inv rElec}
                  | (You found it on level 9 of the Dungeon)
  9728 | D:9      | Got the hand axe of Conflict {drain, rF+ rN+}
  9728 | D:9      | Identified the +2 hand axe of Conflict {drain, rF+ rN+}
                  | (You found it on level 9 of the Dungeon)
  9732 | D:9      | Got the glaive of Joppuacy {flame, Dex+8}
  9732 | D:9      | Identified the +7 glaive of Joppuacy {flame, Dex+8} (You
                  | found it on level 9 of the Dungeon)
  9825 | D:9      | Reached skill level 5 in Hexes
  9825 | D:9      | Reached skill level 5 in Charms
  9825 | D:9      | Reached skill level 5 in Necromancy
  9825 | D:9      | Reached skill level 5 in Transmutations
  9825 | D:9      | Reached skill level 5 in Fire Magic
  9825 | D:9      | Reached skill level 5 in Ice Magic
  9825 | D:9      | Reached skill level 5 in Air Magic
  9825 | D:9      | Reached skill level 5 in Earth Magic
  9825 | D:9      | Reached skill level 5 in Poison Magic
  9869 | D:9      | Found a shimmering altar of Xom.
 10272 | D:10     | Entered Level 10 of the Dungeon
 10382 | D:10     | Found a staircase to the Lair.
 11363 | D:8      | Bought a +5 ring of protection for 605 gold pieces
 11457 | Lair:1   | Entered Level 1 of the Lair of Beasts
 11673 | Lair:1   | Noticed Erica
 11693 | Lair:1   | Killed Erica
 12356 | Lair:2   | Found a sacrificial altar of Ru.
 12562 | Lair:2   | Reached XP level 12. HP: 89/89 MP: 22/25
 12589 | Lair:2   | Found a staircase to the Snake Pit.
 12651 | Lair:2   | Reached skill level 10 in Spellcasting
 12889 | Lair:2   | Noticed a seven-headed hydra
 12898 | Lair:2   | Killed a seven-headed hydra
 13536 | Lair:2   | Got the broad axe "Cuto" {chop, MR+}
 13536 | Lair:2   | Identified the +1 broad axe "Cuto" {chop, MR+} (You found
                  | it on level 2 of the Lair of Beasts)
 13644 | Lair:2   | Noticed a catoblepas
 13657 | Lair:2   | Killed a catoblepas
 13680 | Lair:2   | Found a staircase to the Shoals.
 14102 | Lair:3   | Noticed a five-headed hydra
 14156 | Lair:3   | Killed a five-headed hydra
 14309 | Lair:3   | Reached *** piety under Ashenzari
 15248 | Lair:3   | Learned a level 4 spell: Sticky Flame
 15254 | Lair:3   | Learned a level 5 spell: Fireball
 15260 | Lair:3   | Learned a level 5 spell: Lee's Rapid Deconstruction
 15604 | Lair:4   | Reached XP level 13. HP: 72/98 MP: 16/27
 18807 | Lair:5   | HP: 2/99 [acid (13)]
 18808 | Lair:5   | Splashed by an oklob plant's acid

Levels and vault maps discovered:
D:1:      mushboom_english_gardens, layout_loops_cross, fountainhead
D:2:      layout_loops_ring, lemuel_doored_altar, first_ration,
          patterned_corridor, uniq_jessica
D:3:      layout_loops_cross, uniq_terence, uniq_grinder
D:4:      layout_layer_cave, lemuel_crystal_altar, uniq_blork_the_orc
D:5:      layout_basic, kennysheep_mini_moat, sigmund_army
D:6:      layout_rooms, minmay_misc_feat_doors, minmay_ruffians, uniq_menkaure
D:7:      layout_rooms, grunt_temple_overflow_open,
          nicolae_tso_swordbearing_angel, minmay_temple_entry_offerings,
          serial_shops, shop, enter_ossuary_1, basic_altar, uniq_joseph
D:8:      layout_loops_ring, serial_shops, kennysheep_mini
D:9:      minmay_the_grid_plus_closed [minmay_the_grid_gridbox,
          minmay_the_grid_minigrid_medium, minmay_the_grid_dragon_a,
          minmay_the_grid_embedded, minmay_the_grid_prize_diamond_cup],
          layout_loops_ring, serial_shops, nicolae_shop_waterfront,
          roderic_malta_cross, lemuel_altar_in_water
D:10:     layout_basic, david_lair_shrubbed
Lair:1:   layout_regular_city, roderic_batcave, uniq_erica
Lair:2:   layout_gridlike, minmay_shoals_entry_hut,
          minmay_snake_entry_six_corridors, serial_forest,
          infiniplex_forest_clump_double, infiniplex_forest_clump_tiny,
          infiniplex_forest_clump_medium, infiniplex_forest_clump_long,
          basic_altar
Lair:3:   layout_regular_city
Lair:4:   layout_cave_pods
Lair:5:   layout_layer_cave, chequers_serial_rivers_marsh, grunt_megastairs_5

Skill      XL: |  1  2  3  4  5  6  7  8  9 10 11 12 13 |
---------------+----------------------------------------+-----
Conjurations   | 2 3 4 5 6 7 |  7.4
Summonings     | 2 3 4 5 6 7 |  7.4
Translocations | 2 3 4 5 6 7 |  7.4
Invocations    | 1 2 3 4 5 6 7 8 9 |  9.2
Fighting       | 1 2 3 4 5 6 7 8 |  8.4
Short Blades   | 1 2 3 4 5 6 7 8 |  8.4
Long Blades    | 1 2 3 4 5 6 7 8 |  8.4
Axes           | 1 2 3 4 5 6 7 8 |  8.4
Maces & Flails | 1 2 3 4 5 6 7 8 |  8.4
Polearms       | 1 2 3 4 5 6 7 8 |  8.4
Staves         | 1 2 3 4 5 6 7 8 |  8.4
Slings         | 1 2 3 4 5 6 7 8 |  8.4
Bows           | 1 2 3 4 5 6 7 8 |  8.4
Crossbows      | 1 2 3 4 5 6 7 8 |  8.4
Throwing       | 1 2 3 4 5 6 7 8 |  8.4
Armour         | 1 2 3 4 5 6 7 8 |  8.4
Shields        | 1 2 3 4 5 6 7 8 |  8.4
Unarmed Combat | 1 2 3 4 5 6 7 8 |  8.4
Evocations     | 1 2 3 4 5 6 7 8 |  8.4
Hexes          | 1 2 3 4 5 6 7 |  7.0
Charms         | 1 2 3 4 5 6 7 |  7.0
Necromancy     | 1 2 3 4 5 6 7 |  7.0
Transmutations | 1 2 3 4 5 6 7 |  7.0
Fire Magic     | 1 2 3 4 5 6 7 |  7.0
Ice Magic      | 1 2 3 4 5 6 7 |  7.0
Air Magic      | 1 2 3 4 5 6 7 |  7.0
Earth Magic    | 1 2 3 4 5 6 7 |  7.0
Poison Magic   | 1 2 3 4 5 6 7 |  7.0
Dodging        | 5 6 7 8 9 |  9.6
Stealth        | 5 6 7 8 9 |  9.4
Spellcasting   | 8 9 10 | 10.9

Action                   |  1- 3 |  4- 6 |  7- 9 | 10-12 | 13-15 || total
-------------------------+-------+-------+-------+-------+-------++-------
Melee: Short sword       |     2 |    73 |   125 |    25 |       ||   225
       Bite              |       |     5 |    15 |    38 |    20 ||    78
       Punch             |       |     1 |     1 |     3 |       ||     5
       Whip              |       |       |    21 |   140 |   168 ||   329
       Glaive            |       |       |     9 |   261 |       ||   270
       Broad axe         |       |       |       |    21 |       ||    21
 Fire: Hunting sling     |       |       |    23 |       |       ||    23
 Cast: Magic Dart        |    60 |    66 |    55 |   161 |    29 ||   371
       Call Imp          |     4 |    13 |    18 |    13 |       ||    48
       Mephitic Cloud    |       |    10 |    25 |    34 |     4 ||    73
       Conjure Flame     |       |     2 |    10 |    53 |     7 ||    72
       Blink             |       |     3 |     5 |     6 |     2 ||    16
       Ignite Poison     |       |       |       |    14 |       ||    14
       Sticky Flame      |       |       |       |     5 |    41 ||    46
       Fireball          |       |       |       |     4 |     3 ||     7
       Lee's Rapid Decon |       |       |       |       |     3 ||     3
Invok: Curse Item        |       |       |       |     1 |       ||     1
Evoke: Lightning rod     |       |       |       |     9 |     2 ||    11
  Use: Scroll            |       |    14 |     3 |     2 |       ||    19
       Potion            |       |       |       |       |     3 ||     3
 Stab: Sleeping          |       |     4 |     6 |    13 |     4 ||    27
       Confused          |       |     3 |    14 |    10 |     3 ||    30
       Distracted        |       |       |     3 |     2 |       ||     5
  Eat: Chunk             |       |     7 |    11 |    26 |    10 ||    54
       Ration            |       |       |       |     1 |       ||     1
Armor: Robe              |     2 |    13 |    29 |    13 |       ||    57
       Ring mail         |       |       |       |   138 |    73 ||   211
Dodge: Dodged            |     5 |    54 |   119 |   370 |   124 ||   672
Block: Shield            |       |       |       |    62 |    77 ||   139
